[Event "Srdja Dragasevic Memorial-A 2024"]
[Site "Cetinje"]
[Date "2024.06.27"]
[Round "7.18"]
[White "Miletic, Vuk"]
[Black "Pusara, Mihailo"]
[Result "1/2-1/2"]
[ECO "D55"]
[WhiteElo "2193"]
[BlackElo "2117"]
[Annotator "RC"]
[PlyCount "176"]
[EventDate "2024.06.23"]
[EventType "swiss"]
[EventCountry "MNE"]
[SourceTitle "playchess.com"]
[Source "ChessBase"]
[SourceQuality "1"]
[TimeControl "40/5400+30:1800+30"]

1. d4 d5 2. c4 e6 3. Nf3 Nf6 4. Nc3 Be7 5. Bg5 O-O 6. e3 h6 7. Bxf6 Bxf6 8. Qd2 a6 9. Rd1 Re8 10. a3 dxc4 11. Bxc4 b5 12. Bd3 Bb7 13. Be4 Qc8 14. O-O Nd7 15. Qc2 c5 16. Bxb7 Qxb7 17. Ne4 Be7 18. dxc5 Rec8 19. b4 Nb6 20. Nfd2 a5 21. Nc3 axb4 22. axb4 Nd5 23. Nxd5 Qxd5 24. Ne4 Qc6 25. Nc3 Ra3 26. Ne2 Bf6 27. Nd4 Qa6 28. Qe2 Rb8 29. h3 Qa4 30. Nc6 Rc8 31. Qf3 Rb3 32. Rd7 Qa8 33. Rd6 Ra3 34. Rfd1 Ra6 35. Nd4 Qxf3 36. gxf3 Rxd6 37. cxd6 Bxd4 38. Rxd4 Kf8 39. d7 Rd8 40. Rd6 Ke7 41. Rb6 Rxd7 42. Rxb5 Rd1+ 43. Kg2 Rb1 44. Rb7+ Kf6 45. f4 g5 46. Kf3 Rb2 47. fxg5+ hxg5 48. Kg3 Kg6 49. b5 f6 50. b6 Kf5 51. Kf3 Ke5 52. Rb8 Kf5 53. b7 Rb4 54. Ke2 Rb2+ 55. Kd3 Rb3+ 56. Kc4 Rb1 57. f3 Ke5 58. Kc3 Rb6 59. Kd3 Rb3+ 60. Kc4 Rb1 61. Kc5 Rc1+ 62. Kb5 Rb1+ 63. Kc5 Kf5 64. Kd6 Rd1+ 65. Ke7 Rb1 66. Kf7 Rb3 67. Kg7 Rb4 68. Rf8 Rxb7+ 69. Rf7 Rb3 70. Rxf6+ Ke5 71. Kf7 Rb7+ 72. Kg6 Rb1 73. f4+ gxf4 74. exf4+ Ke4 75. h4 Rg1+ 76. Kh6 Rg4 77. h5 e5 78. f5 Kf4 79. Rf8 e4 80. f6 Rg5 81. Re8 Rf5 82. Kg6 Rg5+ 83. Kh6 Rf5 84. Kg7 Rxh5 85. f7 Rf5 86. Re6 e3 87. Rf6 Rxf6 88. Kxf6 e2 1/2-1/2